 Dungeon Crawl Stone Soup version 0.13.0-59-g13bd910 (webtiles) character file.

222 M4edhros the Ducker (level 5, -5/34 HPs)
             Began as an Octopode Artificer on Nov 18, 2013.
             Killed by divine providence
             ... invoked by an orc priest
              (9 damage)
             ... on Level 5 of the Dungeon.
             The game lasted 00:01:33 (1213 turns).

M4edhros the Ducker (Octopode Artificer)            Turns: 1213, Time: 00:01:33

HP  -5/34        AC  1     Str 11      XL: 5   Next: 11%
MP   7/7         EV 11     Int 15      God:
Gold 95          SH 13     Dex 12      Spells:  0 memorised,  4 levels left

Res.Fire  : . . .   See Invis. : .   a - +0 short sword
Res.Cold  : . . .   Warding    : .   e - +0 shield
Life Prot.: . . .   Conserve   : .   (helmet restricted)
Res.Poison: .       Res.Corr.  : .   (no amulet)
Res.Elec. : .       Clarity    : .   (no ring)
Sust.Abil.: . .     Spirit.Shd : .   (no ring)
Res.Mut.  : .       Stasis     : .   (no ring)
Res.Rott. : .       Flight     : .   (no ring)
Saprovore : . . .                    (no ring)
                                     (no ring)
                                     (no ring)
                                     (no ring)

@: slightly resistant to hostile enchantments, stealthy
A: almost no armour, amphibious, 8 rings, constrict 8, camouflage 1, AC +1
a: no special abilities


You were on level 5 of the Dungeon.
You were hungry.

You visited 1 branch of the dungeon, and saw 4 of its levels.

You collected 75 gold pieces.

Inventory:

Hand weapons
 a - a +0,+0 short sword (weapon)
Armour
 e - a +0 shield (worn)
Magical devices
 b - a wand of flame (0)
 c - a wand of enslavement (12)
 d - a wand of random effects (13)
Comestibles
 f - a bread ration
 g - an apricot
 i - a meat ration
Scrolls
 h - a scroll of curse jewellery {unknown}
 j - a scroll of identify {unknown}


   Skills:
 - Level 1.0 Fighting
 - Level 1.0 Short Blades
 + Level 5.1 Dodging
 - Level 1.3 Stealth
 - Level 3.2 Evocations


You had 4 spell levels left.
You didn't know any spells.

Dungeon Overview and Level Annotations

Branches:
Dungeon (5/27)
 Temple: D:4-7

Altars:
Kikubaaqudgha
Vehumet


Innate Abilities, Weirdness & Mutations

You cannot wear most types of armour.
You are amphibious.
You can wear up to eight rings at the same time.
You can use your tentacles to constrict many enemies at once.
Your skin changes colour to match your surroundings (Stlth).
Your rubbery body absorbs attacks (AC +1).


Message History

Evoke which item? (* to show all) (? for menu, Esc to quit)
Zapping:
d - a wand of random effects (15)
Press: ? - help, Shift-Dir - straight line, f - orc priest, p - orc
Aim: an orc priest The orc is charmed.
You release your grip on your orc.
This wand has 14 charges left.
The orc priest mumbles some strange prayers to Beogh against you.
Something smites you!
* * * LOW HITPOINT WARNING * * *
The orc hits your orc with a runed orcish mace!
Your orc is killed!
Evoke which item? (* to show all) (? for menu, Esc to quit)
Zapping:
d - a wand of random effects (14)
Press: ? - help, Shift-Dir - straight line, f/p - orc priest
Aim: an orc priest The orc evaporates and reforms as a giant mite!
This wand has 13 charges left.
The orc priest invokes the aid of Beogh against you.
Something smites you!
You die...

#.
#.######
#(.....#
#......#
#......#
#.....#
#%....#
###.###
#@# #)#
#s#
....o..o.#
o..oo.###
####..
%$)#. ?)#o
$#


You could see an orc priest and a giant mite.

Vanquished Creatures
  The ghost of M4edhros the Ducker, a weakling OpAr (D:3)
  A crimson imp (D:5)
  A worker ant (D:5)
  An adder (D:3)
  A giant gecko (D:1)
  An orc (D:5)
  A bat (D:2)
  A giant cockroach (D:1)
  2 goblins
  A hobgoblin (D:1)
  2 kobolds (D:2)
13 creatures vanquished.

Vanquished Creatures (collateral kills)
  An orc wizard (D:5)
  A hobgoblin (D:5)
2 creatures vanquished.

Grand Total: 15 creatures vanquished

Notes
Turn   | Place    | Note
--------------------------------------------------------------
     0 | D:1      | M4edhros, the Octopode Artificer, began the quest for the Orb.
     0 | D:1      | Reached XP level 1. HP: 14/14 MP: 1/1
   372 | D:2      | Reached XP level 2. HP: 14/19 MP: 3/3
   687 | D:3      | Noticed M4edhros' ghost (weakling OpAr)
   702 | D:3      | Killed M4edhros' ghost
   702 | D:3      | Reached skill level 4 in Dodging
   702 | D:3      | Reached XP level 3. HP: 2/24 MP: 4/4
   702 | D:3      | Reached XP level 4. HP: 2/29 MP: 6/6
   971 | D:3      | Found a radiant altar of Vehumet.
   972 | D:3      | Found an ancient bone altar of Kikubaaqudgha.
  1012 | D:3      | You fall through a shaft!
  1012 | D:5      | Entered Level 5 of the Dungeon
  1206 | D:5      | Reached skill level 5 in Dodging
  1211 | D:5      | Reached XP level 5. HP: 14/34 MP: 7/7
  1213 | D:5      | Killed from afar by an orc priest

Action                   |  1- 3 |  4- 6 || total
-------------------------+-------+-------++-------
Melee: Short sword       |    19 |    15 ||    34
Evoke: Wand              |    13 |     7 ||    20
 Stab: Sleeping          |       |     1 ||     1
